Selects Special Operations Battlegroup
Selects Special Operations Battlegroup
Selects M29 Weasel Recon Vehicle
Construct Weapon Support Center
Construct Medical Station
Selects P-47 Anti-Infantry Loiter
Selects UNKNOWN (2162291)
P-47 Anti-Infantry Loiter
M18 Hellcat Tank Destroyer
Selects SSF Commando Squad
P-47 Anti-Infantry Loiter
M18 Hellcat Tank Destroyer
P-47 Anti-Infantry Loiter
M18 Hellcat Tank Destroyer
M18 Hellcat Tank Destroyer